 Dungeon Crawl Stone Soup version 0.29-a0-323-g050149af67 (webtiles) character file.

Game seed: 18071966317359842616

3054 Morbidden the Grappler (level 9, -2/84 HPs)
             Began as a Troll Brigand on Apr 11, 2022.
             Slain by a troll (13 damage)
             ... on level 7 of the Dungeon.
             The game lasted 00:08:36 (4370 turns).

Morbidden the Grappler (Troll Brigand)              Turns: 4370, Time: 00:08:37

Health: -2/84      AC:  5    Str: 21    XL:     9   Next: 57%
Magic:  11/11      EV: 16    Int: 11    God:
Gold:   1348       SH:  0    Dex: 19    Spells: 5/12 levels left

rFire   . . .      SeeInvis .     - Unarmed
rCold   . . .      Faith    .   (no shield)
rNeg    . . .      Spirit   .   b - +0 robe
rPois   +          Reflect  .   (helmet restricted)
rElec   .          Harm     .   c - +0 cloak
rCorr   .          Rampage  .   (gloves unavailable)
Will    .....                   (boots unavailable)
Stlth   ++........              F - amulet of Ruxejatz {Drain Regen+ Dex+8}
HPRegen 1.84/turn               g - +4 ring of evasion
MPRegen 0.12/turn               j - ring of poison resistance

@: no status effects
A: large, unfitting armour, claws 3, regeneration 1, shaggy fur 1, tough skin 1
a: no special abilities


You were on level 7 of the Dungeon.
You visited 1 branch of the dungeon, and saw 7 of its levels.
You also visited: Sewer.

You collected 1871 gold pieces.
You spent 523 gold pieces at shops.

Inventory:

Missiles
 d - 30 poisoned darts
 e - 3 curare-tipped darts
 u - 4 javelins
 D - a boomerang
 E - 3 large rocks (quivered)
Armour
 b - a +0 robe (worn)
 c - a +0 cloak (worn)
Jewellery
 g - a +4 ring of evasion (left claw)
 j - a ring of poison resistance (right claw)
 l - a ring of fire
 B - a ring of resist corrosion
 F - the amulet of Ruxejatz (around neck) {Drain Regen+ Dex+8}
   (You acquired it on level 6 of the Dungeon)

   [amulet of regeneration]

   Dex:       It affects your dexterity (+8).
   Regen:     It increases your rate of health regeneration.
   Drain:     It drains your maximum health when unequipped.
Wands
 v - a wand of mindburst (13)
 y - a wand of flame (36)
Scrolls
 a - 3 scrolls of identify
 i - 2 scrolls of amnesia {unknown}
 k - 5 scrolls of teleportation {unknown}
 m - a scroll of noise {unknown}
 n - 2 scrolls of enchant armour {unknown}
 t - 2 scrolls of holy word
 w - a scroll of fear {unknown}
 G - 2 scrolls of fog {unknown}
Potions
 f - a potion of berserk rage {unknown}
 h - 4 potions of cancellation
 o - 2 potions of heal wounds {unknown}
 p - 9 potions of curing
 q - 3 potions of mutation {unknown}
 r - a potion of brilliance {unknown}
 s - 3 potions of flight {unknown}
 x - 2 potions of attraction {unknown}
 z - 3 potions of might {unknown}
 A - 7 potions of lignification {unknown}
 C - a potion of invisibility {unknown}
 H - a potion of haste {unknown}


   Skills:
 * Level 4.0 Fighting
 + Level 1.7 Short Blades
 * Level 4.2 Throwing
 * Level 4.7 Dodging
 + Level 2.9 Stealth
 + Level 1.2 Shields
 * Level 8.2 Unarmed Combat
 * Level 2.4 Spellcasting
 * Level 1.1 Transmutations
 * Level 1.0 Air Magic


You had 5 spell levels left.
You knew the following spells:

 Your Spells              Type           Power      Damage    Failure   Level
a - Storm Form            Tmut/Air       1%         N/A       100%        7

Your spell library contained the following spells:

 Spells                   Type           Power      Damage    Failure   Level
 Corpse Rot               Necr/Air       4%         N/A       34%         2
 Ice Form                 Ice/Tmut       2%         N/A       92%         4
 Summon Lightning Spire   Summ/Air       2%         N/A       92%         4
 Dispel Undead            Necr           1%         3d6       95%         4
 Hailstorm                Conj/Ice       1%         3d3       95%         4
 Summon Forest            Summ/Tloc      0%         N/A       100%        5
 Death Channel            Necr           0%         N/A       100%        6
 Eringya's Noxious Bog    Tmut/Pois      1%         N/A       100%        6
 Simulacrum               Ice/Necr       0%         N/A       100%        6
 Summon Hydra             Summ           0%         N/A       100%        7
 Maxwell's Capacitive Co  Air            1%         ∞         100%        8


Dungeon Overview and Level Annotations

Branches:
Dungeon (7/15)              Sewer (visited)
 Temple: D:4-7

Altars:
Hepliaklqana
Ru
Sif Muna
Vehumet
The Shining One

Shops:
D:3 :   D:4 *

Annotations:
D:5 1 runed translucent door, Vangrel's ghost, novice HOFi


Innate Abilities, Weirdness & Mutations

You are too large for most types of armour.
You have claws for hands.
Your natural rate of healing is unusually fast.
You are covered in fur. (AC +1)
You have tough skin. (AC +1)


Message History

You closely miss the howler monkey.
The howler monkey is severely wounded.
The howler monkey hits you.
You claw the howler monkey!
You kill the howler monkey!
Your Air Magic skill increases to level 1!
You claw the troll!
The troll is moderately wounded.
The troll bites you! The troll claws you! The troll closely misses you.
You barely miss the troll.
The troll is moderately wounded.
The troll barely misses you. The troll claws you! x2
You claw the troll!
The troll is severely wounded.
You barely miss the troll.
The troll is severely wounded.
The troll bites you! The troll claws you!
* * * LOW HITPOINT WARNING * * *
The troll barely misses you.
You are too injured to fight recklessly!
You are too injured to fight recklessly!
You are too injured to fight recklessly!
Unknown command.
Unknown command.
Throw: 4 large rocks
Press: ? - help, Q - select action, (/) - cycle Shift-Dir - straight line, f - troll
Aim: a troll (severely wounded, 65% to hit)
You throw a large rock.
The large rock closely misses the troll.
The large rock closely misses the gnoll.
You hear a shout!
The troll bites you.
* * * LOW HITPOINT WARNING * * *
The troll misses you. The troll claws you.
* * * LOW HITPOINT WARNING * * *
The gnoll misses you.
The gnoll hits you from afar with a +0 spear.
* * * LOW HITPOINT WARNING * * *
The troll bites you!
You die...

.._...#..#......#
#...#....#Thh...#######
..#...#..#†####T......#
.........T.# ##h......#
#.#.#.g.######........#
.......## #..........#
....... #g##.......#
#####.. #T##.......#
.##.####@##.####### #.
#....#.##.#
..#####)..##.#
.........####.#
........##...#
...#.........######
..................#
....####.......<..#
.... #..........#


You could see a troll and a gnoll.

Vanquished Creatures
  Pikel (D:4)
  A yak (D:6)
  3 ice beasts
  Pargi (Sewer)
  A sky beast (D:6)
  3 ogres
  A centaur (D:6)
  3 lemures (D:4)
  A phantom (D:6)
  5 bullfrogs
  A necrophage (D:6)
  10 scorpions
  A wight (D:6)
  4 howler monkeys (D:7)
  4 hounds
  A gnoll shaman (D:6)
  An iguana (D:4)
  2 jellies
  3 gnolls (D:6)
  6 adders
  3 shadow imps
  2 ufetubi
  A worm (D:5)
  7 dart slugs
  5 orcs
  4 ball pythons
  8 bats
  5 endoplasms
  3 giant cockroaches
  6 goblins
  5 hobgoblins
  7 jackals
  2 kobolds
  4 quokkas
  3 frilled lizards
  2 rats
  A bush (D:2)
121 creatures vanquished.

Notes
Turn   | Place    | Note
-------+----------+-------------------------------------------
     0 | D:1      | Morbidden the Troll Brigand began the quest for the Orb.
     0 | D:1      | Reached XP level 1. HP: 19/19 MP: 0/0
   507 | D:1      | Reached skill level 1 in Dodging
   616 | D:1      | Reached XP level 2. HP: 27/27 MP: 1/1
   927 | D:2      | Reached XP level 3. HP: 35/35 MP: 2/2
   972 | D:2      | Found a faded altar of an unknown god.
   980 | D:2      | Reached skill level 1 in Unarmed Combat
  1545 | D:3      | Reached XP level 4. HP: 42/42 MP: 3/3
  1657 | D:3      | Found Unaong's Book Boutique.
  1938 | D:4      | Noticed a lemure
  1938 | D:4      | Noticed a scorpion
  1939 | D:4      | Noticed a lemure
  1940 | D:4      | Noticed a lemure
  1943 | D:4      | Killed a scorpion
  1943 | D:4      | Noticed a lemure
  1944 | D:4      | Reached skill level 2 in Unarmed Combat
  1944 | D:4      | Reached XP level 5. HP: 48/49 MP: 3/5
  1954 | D:4      | Killed a lemure
  1969 | D:4      | Killed a lemure
  1979 | D:4      | Killed a lemure
  2044 | D:4      | Noticed Pikel
  2058 | D:4      | Killed Pikel
  2059 | D:4      | Reached skill level 4 in Unarmed Combat
  2059 | D:4      | Reached skill level 1 in Spellcasting
  2059 | D:4      | Reached XP level 6. HP: 16/59 MP: 6/6
  2059 | D:4      | Reached XP level 7. HP: 18/66 MP: 7/7
  2428 | D:4      | Found Duraokhlaqez's General Store.
  2616 | D:4      | Found a shimmering blue altar of Sif Muna.
  2662 | D:5      | Entered Level 5 of the Dungeon
  2678 | D:5      | Found a glowing drain.
  2703 | Sewer    | Entered a sewer
  2753 | Sewer    | Noticed Pargi
  2767 | Sewer    | Killed Pargi
  2944 | D:5      | Found a runed translucent door.
  2947 | D:5      | Noticed Vangrel's ghost (novice HOFi)
  3166 | D:5      | Reached skill level 5 in Unarmed Combat
  3222 | D:5      | Reached XP level 8. HP: 68/75 MP: 9/9
  3240 | D:5      | Found a sacrificial altar of Ru.
  3528 | D:4      | Bought 4 large rocks for 39 gold pieces
  3567 | D:6      | Reached skill level 1 in Shields
  3584 | D:6      | Reached skill level 6 in Unarmed Combat
  3595 | D:6      | Noticed a seven-headed hydra
  3657 | D:6      | Reached skill level 7 in Unarmed Combat
  3663 | D:6      | Reached XP level 9. HP: 84/84 MP: 11/11
  3664 | D:6      | Identified 3 scrolls of acquirement
  3664 | D:6      | Acquired the amulet of Ruxejatz {Drain Regen+ Dex+8}
  3677 | D:6      | Acquired 407 gold pieces
  3679 | D:6      | Acquired 1050 gold pieces
  3767 | D:3      | Bought a book of the Sky for 484 gold pieces
  3775 | D:3      | Learned a level 7 spell: Storm Form
  4094 | D:6      | Found a large runed translucent door.
  4094 | D:6      | Found a large runed translucent door.
  4163 | D:6      | Found a glowing golden altar of the Shining One.
  4175 | D:6      | Found a hazy altar of Hepliaklqana.
  4303 | D:7      | Found a radiant altar of Vehumet.
  4326 | D:7      | Reached skill level 8 in Unarmed Combat
  4327 | D:7      | Noticed a troll
  4338 | D:7      | Reached skill level 1 in Transmutations
  4366 | D:7      | Reached skill level 1 in Air Magic
  4370 | D:7      | Slain by a troll

Illustrated notes

Levels and vault maps discovered:
D:1:      mushboom_english_gardens, layout_basic, serial_curves, eino_curves_01,
          eino_curves_04, minmay_misc_feat_chi
D:2:      layout_rooms, dreamdust_ecumenical_altar_statues, minmay_hedge_maze
D:3:      layout_rooms, serial_shops, shop, minmay_box_of_dots
D:4:      layout_loops_ring, nicolae_sif_muna_little_library, serial_shops,
          shop, minmay_misc_feat_plants, minmay_quantized, uniq_pikel
D:5:      layout_cave_pools, nicolae_ru_the_path_less_chosen,
          gammafunk_ghost_grave, cheibrodos_sewer_entry_sluice
D:6:      cheibrodos_fzero, layout_loops_ring,
          mainiacjoe_overflow_surrounded_room, jmf_multi_god_temple2,
          nicolae_zen_rock_garden
D:7:      layout_rooms, nicolae_vehumet_radiance, temple_doors_e,
          nicolae_alphabet_shops, minmay_misc_feat_room, wad_mini_maze

Skill      XL: |  1  2  3  4  5  6  7  8  9 |
---------------+----------------------------+-----
Dodging        | 1 2 3 4 |  4.7
Throwing       | 2 3 4 |  4.2
Unarmed Combat | 1 2 4 5 7 8 |  8.2
Fighting       | 2 3 4 |  4.0
Spellcasting   | 1 2 |  2.4
Shields        | 1 |  1.2
Transmutations | 1 |  1.1
Air Magic      | 1 |  1.0
Short Blades   | |  1.7
Stealth        | |  2.9

Action                   |  1- 3 |  4- 6 |  7- 9 || total
-------------------------+-------+-------+-------++-------
Melee: Unarmed           |   165 |    79 |   226 ||   470
       Punch             |     6 |     1 |     6 ||    13
Throw: Dart              |       |     3 |    10 ||    13
       Boomerang         |       |       |     9 ||     9
       Large rock        |       |       |     4 ||     4
  Use: Scroll            |       |     3 |     7 ||    10
 Stab: Sleeping          |     4 |       |     8 ||    12
       Distracted        |       |       |     1 ||     1
Armor: Robe              |    39 |    12 |    40 ||    91
Dodge: Dodged            |    96 |    32 |   147 ||   275
Block: Other             |    15 |    12 |    20 ||    47

Table legend: (Time is in decaauts)
 A = Elapsed time spent in this place.
 B = Non-inter-level travel time spent in this place.
 C = Inter-level travel time spent in this place.
 D = Time resting spent in this place.
 E = Time spent auto-exploring this place.
 F = Levels seen in this place.
 G = Mean time per level.
                   A        B        C        D        E       F      G
               +--------+--------+--------+--------+--------+-----+--------+
         Total |   4358 |   3932 |    426 |     15 |   2733 |   8 |  544.8 |
       Dungeon |   4171 |   3745 |    426 |     15 |   2650 |   7 |  595.9 |
         Sewer |    187 |    187 |      0 |      0 |     82 |   1 |  187.0 |
               +--------+--------+--------+--------+--------+-----+--------+

Top non-repeatable levels by time:
     D:4: 1012 daAuts
     D:1: 774 daAuts
     D:5: 627 daAuts
     D:2: 566 daAuts
     D:3: 546 daAuts
     D:6: 539 daAuts
   Sewer: 187 daAuts
     D:7: 104 daAuts
